 Dungeon Crawl Stone Soup version 0.24.1 (webtiles) character file.

Game seed: 5723411540796876455, levelgen mode: deterministic

119 Peloso the Shield-Bearer (level 4, -11/41 HPs)
             Began as a Minotaur Fighter on Mar 26, 2020.
             Killed from afar by an orc wizard (13 damage)
             ... with a puff of flame
             ... on level 3 of the Dungeon.
             The game lasted 00:02:56 (744 turns).

Peloso the Shield-Bearer (Minotaur Fighter)          Turns: 744, Time: 00:02:56

Health: -11/41     AC:  7    Str: 18    XL:     4   Next: 73%
Magic:  3/3        EV: 10    Int:  5    God:
Gold:   103        SH: 10    Dex: 16    Spells: 3/3 levels left

rFire    . . .     SeeInvis .   a - +0 long sword
rCold    . . .     Gourm    .   c - +0 shield
rNeg     . . .     Faith    .   m - +0 chain mail
rPois    .         Spirit   .   (helmet restricted)
rElec    .         Reflect  .   (no cloak)
rCorr    .         Harm     .   (no gloves)
MR       .....                  (no boots)
Stlth    ..........             (no amulet)
HPRegen  0.13/turn              (no ring)
MPRegen  0.08/turn              (no ring)

@: agile, lethally poisoned (-11 -> -14)
A: retaliatory headbutt, hooves 1, horns 2, thin metallic scales 1, deformed
body, weak 1
a: no special abilities


You were on level 3 of the Dungeon.
You were not hungry.

You visited 1 branch of the dungeon, and saw 3 of its levels.

You collected 103 gold pieces.

Inventory:

Hand Weapons
 a - a +0 long sword (weapon)
Armour
 b - a +0 scale mail
 c - a +0 shield (worn)
 m - a +0 chain mail (worn)
Scrolls
 g - 4 scrolls of identify {unknown}
 h - 2 scrolls of noise {unknown}
 i - 2 scrolls of teleportation {unknown}
 j - a scroll of enchant weapon {unknown}
 k - a scroll of amnesia {unknown}
Potions
 d - a potion of might
Comestibles
 f - 4 rations


   Skills:
 + Level 4.3 Fighting
 + Level 3.5 Long Blades
 + Level 4.6 Armour
 + Level 0.4 Dodging
 + Level 4.6 Shields


You had 3 spell levels left.
You didn't know any spells.
Your spell library was empty.

Dungeon Overview and Level Annotations

Branches:
Dungeon (3/15)

Altars:


Innate Abilities, Weirdness & Mutations

You reflexively headbutt those who attack you in melee.
You have a pair of horns on your head.
You have large cloven feet.
You are partially covered in thin metallic scales. (AC +2)
Armour fits poorly on your strangely shaped body.
You are weak. (Str -2)


Message History

The kobold hits you with a +0 dagger.
* * * LOW HITPOINT WARNING * * *
The orc hits you with a +0 falchion.
* * * LOW HITPOINT WARNING * * *
The orc closely misses you. The orc wizard barely misses you.
You furiously retaliate!
You headbutt the orc wizard. You block the kobold's attack.
The orc hits you but does no damage. You block the orc wizard's attack.
The orc hits you but does no damage.
Unknown command.
You feel sick. The orc barely misses you.
The orc wizard hits you but does no damage.
The kobold hits you with a +0 dagger.
* * * LOW HITPOINT WARNING * * *
You block the orc's attack. The orc hits you with a +0 falchion.
* * * LOW HITPOINT WARNING * * *
Unknown command.
The orc wizard casts a spell at you. The puff of flame hits you!
You die...

#.........#
#<......#..
#..........
#.(.(.....#
.####..(......%
...(...(..#####
.#####....#
.#####.K!##
#.....o@..#
#.####ooo......
#..#.#####
#..#.# ...#.#
.#..#.# .#..# .
#..#


You could see an orc wizard, 3 orcs and a kobold.

Vanquished Creatures
  A howler monkey (D:2)
  Jessica (D:2)
  2 adders (D:2)
  An ooze (D:2)
  2 worms (D:2)
  An orc (D:3)
  A giant cockroach (D:1)
  4 goblins
  3 hobgoblins (D:1)
  A kobold (D:1)
  4 bats
  4 rats
25 creatures vanquished.

Notes
Turn   | Place    | Note
-------+----------+-------------------------------------------
     0 | D:1      | Peloso the Minotaur Fighter began the quest for the Orb.
     0 | D:1      | Reached XP level 1. HP: 19/19 MP: 0/0
   130 | D:1      | Reached XP level 2. HP: 25/27 MP: 1/1
   225 | D:1      | You fall into a shaft and drop 1 floor!
   256 | D:2      | Reached XP level 3. HP: 31/33 MP: 2/2
   309 | D:2      | Noticed Jessica
   314 | D:2      | Reached XP level 4. HP: 35/40 MP: 3/3
   327 | D:2      | Killed Jessica
   718 | D:2      | Gained mutation: Armour fits poorly on your strangely
                  | shaped body. [potion of mutation]
   718 | D:2      | Gained mutation: You have large cloven feet. [potion of
                  | mutation]
   718 | D:2      | Gained mutation: You are weak. (Str -2) [potion of
                  | mutation]
   718 | D:2      | Gained mutation: You are partially covered in thin metallic
                  | scales. (AC +2) [potion of mutation]
   743 | D:3      | HP: 2/41 [orc/+0 falchion (1)]
   744 | D:3      | Killed from afar by an orc wizard

Levels and vault maps discovered:
D:1:      roderic_octagonal_star, layout_rooms, kennysheep_another_room
D:2:      layout_rooms, grunt_temple_overflow_open, uniq_jessica
D:3:      layout_basic, serial_bayou_pond_d

Skill      XL: |  1  2 |
---------------+-------+-----
Armour         | 4 |  4.6
Fighting       | 4 |  4.3
Shields        | 4 |  4.6
Long Blades    | 3 |  3.5
Dodging        | |  0.4

Action                   |  1- 3 |  4- 6 || total
-------------------------+-------+-------++-------
Melee: Long sword        |    52 |    24 ||    76
       Headbutt          |    13 |     8 ||    21
       Kick              |       |     1 ||     1
  Use: Potion            |       |     2 ||     2
Armor: Scale mail        |    30 |    14 ||    44
       Chain mail        |       |     7 ||     7
Dodge: Dodged            |    22 |    16 ||    38
Block: Shield            |    33 |    32 ||    65
       Rpst.: Long sword |     9 |     5 ||    14
